 Dungeon Crawl Stone Soup version 0.32-a0-673-g3729bd50f8 (webtiles) character file.

Game seed: 267008721349933009

1789889 ragingrage the Evocator (level 27, 85/288 HPs)
             Began as a Coglin Delver on Mar 11, 2024.
             Was the Champion of Yredelemnul.
             Escaped with the Orb
             ... and 3 runes!
             The game lasted 01:49:24 (61626 turns).

ragingrage the Evocator (Coglin Delver)            Turns: 61626, Time: 01:49:24

Health: 85/288     AC: 35    Str: 13    XL:     27
Magic:  22/22      EV: 35    Int: 14    God:    Yredelemnul [******]
Gold:   4156       SH:  0    Dex: 28    Spells: 15/34 levels left

rFire   + . .        u - +9 demon blade (vamp) {Chisato}
rCold   + . .        I - +6 demon blade (freeze) {Latda}
rNeg    + . .        X - melded +1 robe of Vines {NoPotionHeal Regen++++}
rPois   ∞            H - +2 helmet {Int+3}
rElec   +            i - +2 cloak "Kiomny Muew" {Will+ Int+2}
rCorr   .            C - melded +0 pair of gloves {Stlth+}
SInv    .            F - melded +2 pair of boots {rampage}
Will    +++..        (amulet unavailable)
Stlth   +++          (ring unavailable)
HPRegen 0.68/turn    (ring unavailable)
MPRegen 0.18/turn    J - megabooster N-2900 {RevParry, rF+ rC+}

%: no passive effects
@: mighty, statue-form, hasted (expiring), wreathed by umbra, studying 2 skills
A: slow and powerful, torment resistance 1, boosted hp, off-hand wielding, slow
wielding, warmup strikes, no jewellery, dopey 1, low MP 3, persistent drain
0: Orb of Zot
}: 3/15 runes: serpentine, barnacled, silver
a: Begin Untransformation, Renounce Religion, Light the Black Torch, Recall
Undead Harvest, Hurl Torchlight, Bind Soul, Fathomless Shackles


You escaped.
You worshipped Yredelemnul.
Yredelemnul was pleased with you.
You were a living statue of rough stone.
You visited 10 branches of the dungeon, and saw 48 of its levels.

You collected 7116 gold pieces.
You spent 2960 gold pieces at shops.

Inventory:

Hand Weapons
 h - a +5 heavy double sword {Vidar}
 u - a +9 vampiric demon blade (weapon) {Chisato}
 I - a +6 demon blade of freezing (offhand) {Latda}
Missiles
 d - 4 curare-tipped darts
 K - 4 atropa-tipped darts
 L - 4 throwing nets
Armour
 i - the +2 cloak "Kiomny Muew" (worn) {Will+ Int+2}
   (You found it on level 5 of the Dungeon)

   Int+2:     It affects your intelligence (+2).
   Will+:     It increases your willpower.
 C - a +0 pair of gloves of stealth (melded)
 F - a +2 pair of boots of rampaging (melded)
 H - a +2 helmet of intelligence (worn)
 X - the +1 robe of Vines (melded) {NoPotionHeal Regen++++}
   (You found it on level 2 of the Lair of Beasts)

   NoPotionHeal: Its wearer cannot be healed by potions.
   Regen++++: It increases your rate of health regeneration.
Gizmo
 J - a megabooster N-2900 (installed) {RevParry, rF+ rC+}
   (You invented it yourself on level 5 of the Lair of Beasts)

   [megabooster N-2900]

   RevParry:  Your AC increases as you Rev (up to +5) and while fully Revved,
   your attacks may disarm enemies.
   rF+:       It protects you from fire.
   rC+:       It protects you from cold.
Wands
 g - a wand of digging (7)
 x - a wand of polymorph (23)
 S - a wand of iceblast (61)
 T - a wand of mindburst (32)
 V - a wand of quicksilver (9)
 Y - a wand of paralysis (77)
Scrolls
 a - 5 scrolls of butterflies
 c - 8 scrolls of fog
 e - 3 scrolls of fear
 j - 4 scrolls of blinking
 l - 10 scrolls of enchant armour
 m - 3 scrolls of revelation
 q - 4 scrolls of silence
 r - 7 scrolls of immolation
 y - 11 scrolls of teleportation
 E - 7 scrolls of vulnerability
 P - 9 scrolls of poison
 Z - 7 scrolls of noise
Potions
 b - 7 potions of cancellation
 f - 7 potions of might
 n - 8 potions of haste
 o - 19 potions of curing
 p - 5 potions of heal wounds
 s - 8 potions of brilliance
 t - 5 potions of enlightenment
 v - 2 potions of magic
 z - 15 potions of ambrosia
 A - 4 potions of invisibility
 D - 10 potions of attraction
 G - 8 potions of berserk rage
 M - 7 potions of mutation
 Q - 7 potions of resistance
 U - 8 potions of lignification
Miscellaneous
 w - a phial of floods
 N - a box of beasts (inert)
 R - a lightning rod (4/4)
 W - a phantom mirror


   Skills:
 + Level 19.2 Fighting
 - Level 16.0 Long Blades
 + Level 21.8 Dodging
 - Level 5.0 Stealth
 - Level 4.0 Spellcasting
 - Level 3.0 Conjurations
 - Level 11.0 Necromancy
 - Level 11.0 Translocations
 - Level 7.0 Air Magic
 - Level 7.3 Earth Magic
 - Level 9.0 Alchemy
 - Level 13.0 Invocations
 - Level 22.0 Evocations
 - Level 18.0 Shapeshifting


You had 15 spell levels left.
You knew the following spells:

 Your Spells              Type           Power      Damage    Failure   Level
a - Blink                 Tloc           66%        N/A       1%          2
b - Passwall              Erth           23%        N/A       3%          3
c - Apportation           Tloc           66%        N/A       1%          1
d - Vhi's Electric Charg  Tloc/Air       56%        N/A       4%          4
e - Borgnjor's Vile Clut  Necr/Erth      14%        N/A       13%         5
f - Manifold Assault      Tloc           33%        N/A       1%          4

Your spell library contained the following spells:

 Spells                   Type           Power      Damage    Failure   Level
 Sandblast                Erth           46%        2d11      1%          1
 Cigotuvi's Dreadful Rot  Necr/Alch/Air  56%        N/A       1%          2
 Lesser Beckoning         Tloc           66%        N/A       1%          2
 Gell's Gravitas          Tloc           33%        N/A       1%          3
 Teleport Other           Tloc           33%        N/A       1%          3
 Vampiric Draining        Necr           33%        2d8       1%          3
 Dispel Undead            Necr           33%        3d14      1%          4
 Static Discharge         Conj/Air       32%        3-5/arc   3%          2
 Mephitic Cloud           Conj/Alch/Air  20%        N/A       4%          3
 Magic Dart               Conj           44%        1d5       5%          1
 Volatile Blastmotes      Fire/Tloc      36%        2d13      6%          3
 Curse of Agony           Necr           33%        N/A       6%          5
 Stone Arrow              Conj/Erth      34%        3d9       7%          3
 Leda's Liquefaction      Alch/Erth      12%        N/A       7%          4
 Foxfire                  Conj/Fire      28%        2x1d5     11%         1
 Iskenderun's Mystic Bla  Conj/Tloc      22%        2d6       11%         4
 Alistair's Intoxication  Alch           18%        N/A       13%         5
 Fulminant Prism          Conj/Alch      9%         3d7       16%         4
 Freeze                   Ice            8%         1d3       19%         1
 Slow                     Hex            8%         N/A       19%         1
 Brom's Barrelling Bould  Conj/Erth      17%        2d4       24%         4
 Lee's Rapid Deconstruct  Erth           11%        3d8*      26%         5
 Call Imp                 Summ           4%         N/A       28%         2
 Jinxbite                 Hex            4%         N/A       28%         2
 Dazzling Flash           Conj/Hex       14%        N/A       30%         3
 Hailstorm                Conj/Ice       7%         3d5       30%         3
 Ignite Poison            Fire/Alch      15%        N/A       30%         4
 Sticky Flame             Fire/Alch      15%        2d5       30%         4
 Dispersal                Tloc           16%        N/A       32%         6
 Animate Armour           Summ/Erth      26%        N/A       41%         4
 Summon Lightning Spire   Summ/Air       12%        N/A       41%         4
 Confusing Touch          Hex            2%         N/A       50%         3
 Frozen Ramparts          Ice            4%         1d1       50%         3
 Inner Flame              Hex/Fire       2%         N/A       50%         3
 Ozocubu's Armour         Ice            2%         N/A       50%         3
 Sigil of Binding         Hex            2%         N/A       50%         3
 Summon Forest            Summ/Tloc      9%         N/A       50%         5
 Arcjolt                  Conj/Air       8%         1d18      56%         5
 Eringya's Noxious Bog    Alch           14%        4d6       58%         6
 Yara's Violent Unravell  Hex/Alch       7%         3d5       63%         5
 Flame Wave               Conj/Fire      7%         2d5       71%         4
 Silence                  Hex/Air        6%         N/A       77%         5
 Freezing Cloud           Conj/Ice/Air   6%         6-21      80%         5
 Bombard                  Conj/Erth      8%         9d2       98%         6
 Metabolic Englaciation   Hex/Ice        1%         N/A       99%         5
 Summon Mana Viper        Hex/Summ       2%         N/A       99%         5
 Sculpt Simulacrum        Ice/Alch       7%         N/A       99%         6
 Plasma Beam              Fire/Air       6%         2x1d16    100%        6
 Summon Cactus Giant      Summ           1%         N/A       100%        6
 Enfeeble                 Hex            1%         N/A       100%        7
 Haunt                    Necr/Summ      9%         N/A       100%        7
 Summon Hydra             Summ           1%         N/A       100%        7
 Borgnjor's Revivificati  Necr           16%        N/A       100%        8
 Disjunction              Tloc           16%        N/A       100%        8
 Ignition                 Fire           1%         3d3       100%        8
 Infestation              Necr           16%        N/A       100%        8
 Lehudib's Crystal Spear  Conj/Erth      8%         10d4      100%        8
 Maxwell's Capacitive Co  Air            11%        ∞         100%        8
 Death's Door             Necr           16%        N/A       100%        9
 Polar Vortex             Ice            1%         N/A       100%        9
 Animate Dead             Necr           Unusable   N/A       N/A         4
 Death Channel            Necr           Unusable   N/A       N/A         6

Dungeon Overview and Level Annotations

Branches:
Dungeon (15/15)            Temple (0/1) D:4            Lair (5/5) D:8
 Shoals (4/4) Lair:2        Snake (4/4) Lair:3        Slime (1/5) Lair:5
    Orc (2/2) D:10            Elf (3/3) Orc:2        Vaults (5/5) D:13
  Crypt (0/3) Vaults:2     Depths (4/4) D:15            Zot (5/5) Depths:4

Altars:
Elyvilon
Gozag
Hepliaklqana
Makhleb
Okawaru
Ru
Trog
Uskayaw
Vehumet
Wu Jian
Yredelemnul
Zin
Beogh
Jiyva

Shops:
D:3 *[*(   D:7 *   D:10 ?[*=   Orc:2 =*!=   Elf:1 =   Elf:2 !   Shoals:4 =
Snake:3 [(   Snake:4 (:   Vaults:3 [*=*?   Depths:2 *   Depths:3 *

Portals:
Hell: Depths:1 Depths:2 Depths:3 Depths:4
Abyss: Depths:3 Depths:4
Pandemonium: Depths:1 Depths:2 Depths:3
Ziggurat: Depths:2

Annotations:
D:2 Terence
D:10 Boris
Orc:2 3 runed translucent doors, 910rd's ghost, journeyman DrSh
Elf:2 3 runed translucent doors, Famehell's ghost, journeyman OpSh
Zot:2 3 runed translucent doors, Emoisch's ghost, adept MiFi


Innate Abilities, Weirdness & Mutations

You are a living statue of rough stone.
Your actions are slow, but your melee attacks are powerful.
You are resistant to unholy torment.
Your maximum health is greatly increased.
Your equipment is partially melded.
You are immune to poison.
You can wield a second weapon in your off-hand.
It takes a long time for you to wield or remove held weapons.
Your first few attacks do less damage.
You cannot equip rings or amulets.
You are dopey. (Int -2)
Your magical capacity is extremely low. (-30% MP)
Your health recovers twice as slowly from being drained.


Message History

* * * LOW HITPOINT WARNING * * *
The seraph burns you!
* * * LOW HITPOINT WARNING * * *
The seraph hits you with a +5 great sword of flaming.
* * * LOW HITPOINT WARNING * * *
You feel much better.
The seraph hits you with a +5 great sword of flaming!!
* * * LOW HITPOINT WARNING * * *
The seraph burns you.
* * * LOW HITPOINT WARNING * * *
The seraph barely misses you.
Aiming: Dig
Press: ? - help, Shift-Dir - straight line A rock wall.
This square is covered in magical glow.
The rock shatters into small pieces.
The seraph gestures.
The seraph channels a blast of cleansing flame!
The golden flame engulfs the seraph.
The seraph completely resists.
The golden flame engulfs you but does no damage.
The seraph gestures.
Blink to where?
Press: ? - help, Dir - move target
As you read the scroll of blinking, it crumbles to dust.
The seraph no longer looks unusually strong.
The seraph gestures.
The seraph begins to accept its allies' injuries.
Blink to where?
Press: ? - help, Dir - move target
As you read the scroll of blinking, it crumbles to dust.
Blink to where?
Press: ? - help, Dir - move target
As you read the scroll of blinking, it crumbles to dust.
You close the door.
There is a large open door here.
Your extra speed is starting to run out.
A soul eater comes into view.
There is a staircase leading out of the dungeon here.
A soul eater is nearby!
You have escaped!

###### ##....##
#.####.####
#.ß####'..##
#.#...#'.3.##########
#.#.I..###...........
#.#...## ##.#########
#.#.### ###.#........
#..######.#.#.#######
#### #......#.#..# #
#.##.###.#..# #
#.##.....#..# #
#.########..####
###...........#...


You could see a soul eater.

Vanquished Creatures
  5 dread liches
  2 ancient liches (Zot:5)
  Mara (Snake:3)
  4 orbs of fire (Zot:5)
  Boris (Depths:3)
  Saint Roka (Orc:2)
  4 Killer Klowns (Zot:5)
  4 curse toes
  Vashnia (Snake:2)
  3 golden dragons (Zot:4)
  An electric golem (Zot:5)
  3 Ice Fiends
  The ghost of adelrune the Devastator, an adept DrEE of Vehumet (Vaults:2)
  5 liches
  16 tentacled monstrosities
  20 Orb Guardians
  A walking earthen tome (Zot:2)
  7 titans (Vaults:5)
  A deep elf blademaster (Elf:2)
  A walking frostbound tome (Depths:3)
  2 deep elf master archers (Elf:3)
  7 quicksilver dragons
  4 sphinxes
  An Executioner (Depths:4)
  Frances (Elf:1)
  12 death cobs
  2 krakens
  16 storm dragons
  Donald (Orc:2)
  4 tengu reavers
  9 draconian knights
  14 nagarajas
  8 frost giants
  A rockslime (Vaults:2)
  8 fire giants
  7 shadow dragons
  A daeva (Zot:2)
  Aizul (Snake:1)
  3 narguns (Zot:2)
  8 protean progenitors
  An iron dragon (Vaults:5)
  10 draconian monks
  10 vault wardens
  4 deep elf sorcerers (Elf:3)
  3 draconian shifters
  5 ghost moths
  4 deep elf elementalists
  3 orc warlords
  5 draconian scorchers
  4 draconian stormcallers (Zot:2)
  A quicksilver ooze (Vaults:2)
  2 draconian annihilators
  9 ironbound preservers
  A curse skull (Vaults:2)
  2 reapers
  12 very ugly things
  2 formless jellyfish
  6 stone giants
  4 ironbound thunderhulks
  5 deep elf death magi
  9 green draconians
  4 deep elf demonologists
  13 black draconians
  5 deep elf annihilators (Elf:3)
  4 purple draconians
  10 white draconians
  5 red draconians
  8 yellow draconians
  15 dire elephants
  9 ettins
  A crystal guardian (Vaults:1)
  A blizzard demon (D:12)
  A merfolk javelineer (Shoals:4)
  4 deep elf high priests
  3 fire dragons (Depths:4)
  10 yaktaur captains
  17 vault guards
  A jiangshi (Depths:2)
  4 rakshasas
  8 ice dragons
  3 entropy weavers
  An ogre mage (D:15)
  A salamander tyrant (Snake:4)
  3 great orbs of eyes
  5 merfolk impalers
  3 spriggan air magi
  3 peacekeepers
  A spriggan skeleton (Depths:2)
  An alligator (Zot:1)
  5 hydras
  2 merfolk avatars (Shoals:4)
  A death knight (D:14)
  8 centaur warriors
  4 ironbound frosthearts
  A boulder beetle (D:13)
  7 anacondas
  A catoblepas (D:14)
  3 merfolk aquamancers (Shoals:4)
  10 two-headed ogres
  2 alligator snapping turtles
  6 deep troll shamans
  4 tengu warriors
  The ghost of Dineis the Thaumaturge, a journeyman SpCj of Vehumet (Lair:3)
  A hell hog (Lair:5)
  34 dancing weapons
  4 occultists
  3 deep troll earth magi
  An orc high priest (Orc:2)
  2 spriggan berserkers (Depths:4)
  2 vampire magi
  A death yak (Lair:5)
  9 shock serpents
  11 naga warriors
  16 naga sharpshooters
  A soul eater (Depths:2)
  A sun demon (D:9)
  5 skysharks
  27 deep elf knights
  22 hell knights
  A cherub (D:2)
  A titan skeleton (Vaults:4)
  4 iron trolls
  4 salamander mystics
  A spark wasp zombie (Depths:2)
  9 sea snakes
  6 mana vipers
  A goliath frog (Zot:5)
  5 glowing orange brains
  2 flayed ghosts (Depths:4)
  A mana viper (shapeshifter) (Vaults:5)
  2 shadow demons
  16 slime creatures
  10 naga ritualists
  A spriggan rider (Depths:4)
  A spriggan simulacrum (Depths:2)
  48 deep trolls
  12 arcanists
  11 orc knights
  2 tengu zombies
  3 lindwurms
  16 deep elf archers
  9 ironbound convokers
  12 necromancers
  8 harpies
  26 deep elf pyromancers
  A phantasmal warrior (Vaults:5)
  3 thermic dynamos (Elf:2)
  30 ugly things
  31 deep elf zephyrmancers
  15 salamanders
  9 cyclopes
  8 fauns
  8 manticores
  4 orc sorcerers
  2 wolf spiders
  5 elephants
  A rust devil (D:7)
  A human skeleton (Vaults:4)
  A human zombie (Vaults:4)
  2 large abominations (Depths:2)
  4 merfolk sirens
  3 guardian serpents (Snake:4)
  9 moths of wrath
  23 black mambas
  11 naga magi
  2 water nymphs
  4 kobold blastminers
  3 meliai (D:13)
  A black mamba (shapeshifter) (Elf:2)
  13 vault sentinels
  An orange demon (D:14)
  2 eyes of devastation (Vaults:2)
  A fire giant skeleton (Depths:2)
  2 storm dragon simulacra (Depths:2)
  8 cane toads
  A smoke demon (Depths:2)
  An unseen horror (D:10)
  9 komodo dragons
  A torpor snail (Lair:2)
  A kobold demonologist (D:7)
  A hellion (Depths:2)
  19 yaktaurs
  A tormentor (D:6)
  3 rime drakes
  A golden dragon simulacrum (Depths:2)
  4 tengu conjurers
  11 polar bears
  A tyrant leech (Zot:4)
  A queen bee (D:13)
  5 trolls
  17 merfolk
  A hornet (Depths:4)
  2 tarantellas
  A raiju (Lair:5)
  A tarantella (shapeshifter) (Depths:2)
  13 blink frogs
  2 wind drakes
  11 dream sheep
  4 snapping turtles
  A frost giant simulacrum (Depths:2)
  A centaur simulacrum (D:14)
  A dream sheep (shapeshifter) (Depths:2)
  3 air elementals
  An ettin skeleton (Vaults:5)
  A shadow (D:8)
  2 wraiths
  27 yaks
  3 wyverns
  9 water elementals
  A vampire (D:10)
  5 wargs
  A fire elemental (Elf:1)
  2 hogs (Shoals:1)
  3 basilisks
  4 steam dragons
  2 redbacks (Vaults:2)
  Menkaure (D:4)
  Edmund (D:4)
  5 vampire mosquitoes
  2 acid dragons
  18 nagas
  9 water moccasins
  8 hell hounds (Lair:5)
  30 orc warriors
  A sky beast (D:7)
  A laughing skull (D:14)
  9 black bears
  8 ogres
  A boggart (shapeshifter) (D:15)
  17 wolves
  10 centaurs
  A phantom (D:5)
  3 kobold brigands
  A weeping skull (D:4)
  6 bullfrogs
  4 scorpions
  2 gnoll sergeants
  3 earth elementals
  23 wights
  A naga zombie (Snake:4)
  22 killer bees
  An electric eel (Lair:2)
  2 howler monkeys
  2 lava snakes (Lair:3)
  3 bombardier beetles
  Crazy Yiuf (D:6)
  20 orc priests
  A gnoll bouda (D:8)
  A hound (D:4)
  A sleepcap (D:6)
  3 iguanas (D:5)
  10 orc wizards
  13 hell rats
  8 adders
  6 gnolls
  2 river rats (Lair:5)
  2 shadow imps
  2 white imps
  4 ufetubi
  A ribbon worm (D:2)
  A dart slug (D:4)
  51 orcs
  7 endoplasms
  A giant cockroach (D:4)
  17 goblins
  5 hobgoblins
  10 jackals
  9 kobolds
  5 quokkas
  7 ball pythons
  6 bats
  17 frilled lizards
  6 rats
  A spectral orc (D:4)
  4 aspiring fleshes
  3 tentacles (Shoals:3)
1652 creatures vanquished.

Vanquished Creatures (collateral kills)
  A dread lich (Vaults:5)
  An ancient lich (Vaults:5)
  Frederick (Depths:4)
  Josephina (Depths:2)
  Boris (Depths:2)
  3 curse toes
  Bai Suzhen (Vaults:4)
  3 golden dragons
  An electric golem (Zot:5)
  8 tentacled monstrosities
  8 Orb Guardians (Zot:5)
  Asterion (Snake:3)
  2 deep elf blademasters (Elf:3)
  An acid blob (Vaults:2)
  A lich (Vaults:5)
  A quicksilver dragon (Zot:4)
  A sphinx (Vaults:2)
  A death cob (Zot:4)
  A tengu reaver (Vaults:5)
  3 storm dragons
  2 shadow dragons
  Kirke (Shoals:1)
  2 azure jellies (Vaults:2)
  A draconian monk (Zot:5)
  4 nagarajas
  2 protean progenitors
  3 vault wardens
  A draconian shifter (Zot:4)
  A fire giant (Depths:3)
  2 frost giants (Vaults:5)
  2 deep elf sorcerers (Elf:3)
  2 draconian knights
  2 ghost moths
  A draconian stormcaller (Zot:5)
  An orc warlord (Vaults:2)
  A draconian annihilator (Zot:3)
  9 ironbound preservers
  An ironbound thunderhulk (Vaults:1)
  A deep elf demonologist (Elf:3)
  2 stone giants
  A deep elf death mage (Elf:3)
  2 green draconians
  A deep elf annihilator (Vaults:2)
  A very ugly thing (Depths:3)
  2 purple draconians
  3 black draconians
  5 red draconians
  2 white draconians
  3 yellow draconians
  2 fire dragons
  3 ettins (Vaults:5)
  6 yaktaur captains
  A rakshasa (Depths:2)
  2 hydras (Lair:2)
  2 ice dragons
  A spriggan air mage (Depths:2)
  An ogre mage (Vaults:5)
  10 vault guards
  A great orb of eyes (Vaults:4)
  A two-headed ogre (D:15)
  6 centaur warriors
  2 anacondas
  An ironbound frostheart (Vaults:4)
  2 boulder beetles
  3 dancing weapons
  A merfolk aquamancer (Shoals:2)
  2 deep troll shamans (Depths:2)
  3 satyrs
  A naga sharpshooter (Snake:4)
  A death scarab (Depths:1)
  2 naga warriors (Snake:4)
  A shock serpent (Snake:1)
  Amaemon (Lair:1)
  4 hell knights
  2 deep elf knights (Elf:2)
  A fire crab (Lair:5)
  3 salamander mystics (Snake:4)
  A skeletal warrior (D:14)
  A skyshark (Shoals:1)
  An iron troll (Depths:2)
  A mana viper (shapeshifter) (Depths:2)
  8 mana vipers
  2 deep elf archers (Elf:3)
  2 naga ritualists
  3 arcanists
  3 sea snakes
  10 deep trolls
  3 necromancers
  2 ironbound convokers
  3 deep elf zephyrmancers
  16 harpies
  3 orc knights
  3 fauns
  2 orc sorcerers
  7 deep elf pyromancers
  A cyclops (Shoals:2)
  4 salamanders
  2 oklob plants
  A wolf spider (Zot:3)
  8 ugly things
  10 manticores
  A manticore (shapeshifter) (Vaults:5)
  4 moths of wrath
  6 naga magi
  2 guardian serpents (Snake:4)
  12 black mambas
  An orange demon (Lair:1)
  4 merfolk sirens
  A gargoyle (D:11)
  3 water nymphs
  2 kobold blastminers (Orc:2)
  3 vault sentinels
  2 cane toads
  5 yaktaurs
  An efreet (D:15)
  An unseen horror (D:11)
  A rime drake (Lair:1)
  Maggie (D:6)
  3 komodo dragons
  A tormentor (Zot:5)
  A tengu conjurer (Depths:3)
  A polar bear (shapeshifter) (D:13)
  2 polar bears (Lair:5)
  A troll (Orc:1)
  A wind drake (Shoals:3)
  A tarantella (Zot:3)
  6 merfolk
  A raiju (Lair:5)
  2 dream sheep (Lair:4)
  6 slime creatures
  7 blink frogs
  3 snapping turtles
  A spriggan (Depths:4)
  An ettin skeleton (Vaults:5)
  A water elemental (Elf:3)
  A hog (Shoals:1)
  A fire elemental (Elf:2)
  18 yaks
  A human (shapeshifter) (Depths:2)
  3 basilisks
  A vampire mosquito (D:12)
  A merfolk zombie (Shoals:3)
  7 nagas
  7 hell hounds (Lair:5)
  4 water moccasins
  13 orc warriors
  5 black bears (Lair:5)
  A laughing skull (D:14)
  10 wolves
  3 centaurs
  Blork the orc (D:4)
  2 bullfrogs
  A human skeleton (Vaults:5)
  2 wights (D:10)
  A human simulacrum (Vaults:5)
  2 killer bees (D:13)
  2 lava snakes
  A hound (D:6)
  2 orc priests (Orc:2)
  An iguana (D:4)
  2 orc wizards
  2 hell rats (Lair:5)
  4 gnolls (D:8)
  6 river rats (Lair:5)
  An adder (D:3)
  13 orcs
  An endoplasm (D:4)
  A goblin (D:3)
  A kobold (D:7)
  An orc zombie (Orc:2)
  A rat (Lair:5)
  4 aspiring fleshes
  A spectral weapon (Snake:3)
483 creatures vanquished.

Vanquished Creatures (others)
  An ancient lich (Zot:5)
  A storm dragon (Zot:4)
  A draconian knight (Zot:2)
  A fire giant (Vaults:5)
  6 spectral tentacled monstrosities
  A draconian scorcher (Zot:3)
  2 Killer Klown zombies (Zot:5)
  2 red draconians
  3 quicksilver dragon zombies
  2 very ugly thing zombies (Vaults:5)
  A demigod zombie (Depths:4)
  4 spectral protean progenitors
  5 Orb Guardian zombies (Zot:5)
  2 sphinx zombies
  An occultist (Depths:2)
  2 azure jelly zombies (Vaults:2)
  5 storm dragon zombies
  2 titan zombies (Vaults:5)
  A quicksilver ooze zombie (Vaults:2)
  2 deep elf knights (Elf:1)
  A spectral catoblepas (Snake:4)
  A spectral ice dragon (Depths:2)
  2 ghost moth zombies
  3 golden dragon zombies
  2 anaconda zombies
  4 ugly thing zombies
  2 shadow dragon zombies (Vaults:5)
  11 draconian zombies
  A deep elf zephyrmancer (Elf:1)
  6 fire giant zombies
  A frost giant zombie (Vaults:5)
  A hell hog zombie (Lair:5)
  3 stone giant zombies
  A moth of wrath (Zot:1)
  A shock serpent zombie (Snake:4)
  3 mana viper zombies
  A dire elephant zombie (Vaults:2)
  2 spectral rakshasas
  5 red draconian zombies
  3 purple draconian zombies
  A white draconian zombie (Zot:5)
  An iron troll zombie (Depths:2)
  3 yellow draconian zombies
  6 black draconian zombies
  3 spriggan zombies
  A spectral shadow demon (Depths:1)
  2 green draconian zombies
  A redback zombie (Vaults:2)
  A great orb of eyes zombie (Vaults:4)
  12 harpy zombies
  4 moth of wrath zombies
  A meliai zombie (D:13)
  43 human zombies
  3 ice dragon zombies
  4 ettin zombies
  Sigmund (D:2)
  A guardian serpent zombie (Snake:4)
  2 fire dragon zombies
  A slime creature (D:14)
  A spectral ogre (Orc:2)
  10 black mamba zombies
  A human (Depths:2)
  A tyrant leech zombie (Zot:4)
  3 slime creature zombies
  2 merfolk zombies
  3 two-headed ogre zombies
  2 cane toad zombies
  12 deep troll zombies
  An entropy weaver zombie (Vaults:2)
  2 faun zombies (Shoals:1)
  A spectral efreet (D:15)
  An orc warrior (Orc:2)
  2 elephant zombies (Lair:4)
  3 dream sheep zombies
  4 manticore zombies
  An ogre (Orc:2)
  78 elf zombies
  3 blink frog zombies
  A komodo dragon zombie (Lair:5)
  5 yaktaur zombies
  8 salamander zombies
  A hell hound zombie (Lair:5)
  2 warg zombies (Lair:5)
  A wyvern zombie (Lair:5)
  3 water moccasin zombies (Lair:5)
  2 cyclops zombies
  7 yak zombies
  24 naga zombies
  2 polar bear zombies
  6 tengu zombies
  10 wolf zombies
  A bullfrog zombie (Lair:2)
  4 black bear zombies (Lair:5)
  10 centaur zombies
  An orc priest (Elf:1)
  Ijyb (D:3)
  A scorpion zombie (D:8)
  6 killer bee zombies
  7 ogre zombies
  A hound zombie (D:4)
  6 hell rat zombies
  A howler monkey zombie (D:13)
  An iguana zombie (D:5)
  2 spectral white imps
  3 orcs (Elf:1)
  A jackal (D:3)
  An endoplasm zombie (D:4)
  3 gnoll zombies
  A goblin zombie (D:3)
  8 jackal zombies
  2 kobold zombies
  56 orc zombies
  A quokka zombie (D:3)
  2 river rat zombies (Lair:5)
  31 spectral weapons
  3 tentacles
547 creatures vanquished.

Grand Total: 2682 creatures vanquished

Notes
Turn   | Place    | Note
-------+----------+-------------------------------------------
     0 | D:5      | ragingrage the Coglin Delver began the quest for the Orb.
     0 | D:5      | Reached XP level 1. HP: 18/18 MP: 1/1
     5 | D:5      | Identified the +2 cloak "Kiomny Muew" {Will+ Int+2}
   116 | D:6      | Noticed a wight
   154 | D:5      | Noticed an iguana
   232 | D:5      | Noticed a wight
   271 | D:5      | Noticed an iguana
   294 | D:5      | Reached XP level 2. HP: 24/24 MP: 2/2
   409 | D:5      | Noticed a wight
   409 | D:5      | Noticed a wight
   409 | D:5      | Noticed a wight
   409 | D:5      | Noticed a wight
   459 | D:2      | Reached XP level 3. HP: 24/29 MP: 3/3
   762 | D:2      | Noticed Sigmund
  1081 | D:1      | Reached XP level 4. HP: 34/35 MP: 4/4
  1682 | D:2      | Learned a level 3 spell: Passwall
  1709 | D:2      | Noticed Terence
  2164 | D:3      | Found Uheido's Antique Armour Boutique.
  2164 | D:3      | Found Rerioc's Assorted Antiques.
  2181 | D:3      | Bought a bubbling red potion for 27 gold pieces
  2181 | D:3      | Bought a fuming red potion for 27 gold pieces
  2207 | D:3      | Found Utuharu's General Store.
  2502 | D:3      | Reached skill level 5 in Long Blades
  2502 | D:3      | Reached XP level 5. HP: 32/41 MP: 5/5
  2580 | D:3      | Found Ozoosh's Weapon Shoppe.
  2770 | D:3      | Noticed an ogre
  3114 | D:4      | Reached XP level 6. HP: 36/45 MP: 6/6
  3190 | D:4      | Noticed Edmund
  3225 | D:4      | Found a basalt altar of Yredelemnul.
  3262 | D:4      | Found a hide-covered altar of Uskayaw.
  3268 | D:4      | Found an iron altar of Okawaru.
  3394 | D:4      | Became a worshipper of Yredelemnul the Fallen
  3484 | D:4      | Noticed Blork the orc
  3500 | D:4      | Killed Blork the orc
  3501 | D:4      | Found a staircase to the Ecumenical Temple.
  3603 | D:4      | Killed Edmund
  3604 | D:4      | Reached XP level 7. HP: 19/52 MP: 7/7
  3856 | D:4      | Noticed Menkaure
  3867 | D:4      | Killed Menkaure
  4784 | D:5      | Reached XP level 8. HP: 58/58 MP: 8/8
  6326 | D:6      | Reached skill level 10 in Long Blades
  6544 | D:6      | Noticed Maggie
  6559 | D:6      | Killed Maggie
  6559 | D:6      | Reached * piety under Yredelemnul
  6560 | D:6      | Reached XP level 9. HP: 48/63 MP: 9/9
  6863 | D:6      | Found a runed translucent door.
  6864 | D:6      | Noticed Crazy Yiuf
  6993 | D:6      | Killed Crazy Yiuf
  7281 | D:7      | Found Zin's Purification Station.
  7281 | D:7      | Found a glowing silver altar of Zin.
  7564 | D:7      | Noticed a kobold demonologist
  7569 | D:7      | Killed a kobold demonologist
  8106 | D:8      | Reached ** piety under Yredelemnul
  8107 | D:8      | Reached XP level 10. HP: 61/70 MP: 10/10
  8125 | D:8      | Reached skill level 1 in Invocations
  8174 | D:8      | Found a staircase to the Lair.
  8174 | D:8      | Noticed an elephant
  8187 | D:8      | Killed an elephant
  8714 | D:8      | Identified the amulet "Nuiczot" {Faith -Cast rCorr Str+8
                  | Slay-6}
  8896 | D:9      | Found a sacrificial altar of Ru.
  8978 | D:9      | Found an opulent altar of Gozag.
  9079 | D:9      | Reached skill level 5 in Fighting
  9138 | D:9      | Got the Almanac of the Pure Mystics
  9223 | D:9      | Identified the +1 ring mail "Adinken" {Int+6}
  9225 | D:9      | Noticed a two-headed ogre
  9231 | D:9      | Killed a two-headed ogre
  9231 | D:9      | Reached *** piety under Yredelemnul
  9420 | D:9      | Found an ornate altar of the Wu Jian Council.
  9612 | D:9      | Found a sacrificial altar of Ru.
  9667 | D:9      | Found an opulent altar of Gozag.
  9994 | D:9      | Found an ornate altar of the Wu Jian Council.
 10128 | Lair:1   | Entered Level 1 of the Lair of Beasts
 10130 | Lair:1   | Noticed a cane toad
 10133 | Lair:1   | Killed a cane toad
 10133 | Lair:1   | Noticed Amaemon
 10134 | Lair:1   | Noticed an orange demon
 10139 | Lair:1   | Killed Amaemon
 10140 | Lair:1   | Reached skill level 5 in Dodging
 10140 | Lair:1   | Reached XP level 11. HP: 49/81 MP: 12/14
 10144 | Lair:1   | Found a gate leading to a gauntlet.
 10886 | Lair:1   | Noticed a five-headed hydra
 10895 | Lair:1   | Killed a six-headed hydra
 11157 | Lair:2   | Reached XP level 12. HP: 36/94 MP: 15/15
 11212 | Lair:2   | Reached skill level 5 in Invocations
 11222 | Lair:2   | Found a frozen archway.
 11319 | Lair:2   | Noticed a four-headed hydra
 11326 | Lair:2   | Noticed an eight-headed hydra
 11326 | Lair:2   | Killed a four-headed hydra
 11335 | Lair:2   | Killed an eight-headed hydra
 11337 | Lair:2   | Reached **** piety under Yredelemnul
 11437 | Lair:2   | Found the +1 robe of Vines {NoPotionHeal Regen++++}
 11461 | Lair:2   | Reached skill level 10 in Fighting
 11500 | Lair:2   | Found a staircase to the Shoals.
 12551 | Lair:2   | Found a staircase to the Shoals.
 13183 | D:3      | Bought a lightning rod (4/4) for 480 gold pieces
 13347 | Lair:3   | Reached skill level 10 in Dodging
 13374 | Lair:3   | Found a runed translucent gate.
 13375 | Lair:3   | Found a runed translucent gate.
 13375 | Lair:3   | Noticed Dineis's ghost (journeyman SpCj)
 13377 | Lair:3   | Noticed an anaconda
 13382 | Lair:3   | Found a runed translucent gate.
 13580 | Lair:3   | Found a staircase to the Snake Pit.
 13751 | Lair:3   | Noticed an eight-headed hydra
 13758 | Lair:3   | Killed a 12-headed hydra
 13889 | Lair:3   | Learned a level 3 spell: Mephitic Cloud
 13914 | Lair:3   | Reached XP level 13. HP: 81/103 MP: 16/16
 14396 | Lair:4   | Reached skill level 1 in Alchemy
 14402 | Lair:4   | Reached skill level 1 in Conjurations
 14402 | Lair:4   | Reached skill level 1 in Air Magic
 15072 | Lair:5   | Entered Level 5 of the Lair of Beasts
 15100 | Lair:5   | Reached ***** piety under Yredelemnul
 15131 | Lair:5   | Reached skill level 5 in Alchemy
 15303 | Lair:5   | Found a staircase to the Slime Pits.
 15595 | Lair:5   | Reached XP level 14. HP: 67/116 MP: 17/17
 15616 | Lair:5   | Acquired a megabooster N-2900 {RevParry, rF+ rC+}
 15893 | Lair:5   | Reached ****** piety under Yredelemnul
 16292 | D:10     | Entered Level 10 of the Dungeon
 16298 | D:10     | Found a radiant altar of Vehumet.
 16299 | D:10     | Found a hazy altar of Hepliaklqana.
 16299 | D:10     | Found a bloodstained altar of Trog.
 16301 | D:10     | Found a burning altar of Makhleb.
 16373 | D:10     | Found Efait's Armour Emporium.
 16433 | D:10     | Found Weaschal's Assorted Antiques.
 16439 | D:10     | Bought a viscous dark potion for 24 gold pieces
 16439 | D:10     | Bought a metallic dark potion for 24 gold pieces
 16555 | D:10     | Found Plog's Magic Scroll Boutique.
 16560 | D:10     | Bought a scroll of enchant armour for 127 gold pieces
 16560 | D:10     | Bought a scroll of teleportation for 51 gold pieces
 16700 | D:10     | Reached skill level 1 in Evocations
 16739 | D:10     | Found a staircase to the Orcish Mines.
 17059 | D:10     | Found Jitousa's Jewellery Boutique.
 17208 | Orc:1    | Entered Level 1 of the Orcish Mines
 17215 | Orc:1    | Reached skill level 2 in Evocations
 17396 | Orc:1    | Noticed an orc warlord
 17411 | Orc:1    | Killed an orc warlord
 17412 | Orc:1    | Reached skill level 3 in Evocations
 17721 | Orc:2    | Entered Level 2 of the Orcish Mines
 17757 | Orc:2    | Reached skill level 4 in Evocations
 17791 | Orc:2    | Reached skill level 5 in Evocations
 18035 | Orc:2    | Noticed Erolcha
 18042 | Orc:2    | Killed Erolcha
 18042 | Orc:2    | Bound Erolcha
 18124 | Orc:2    | Noticed Saint Roka
 18140 | Orc:2    | Killed Saint Roka
 18141 | Orc:2    | Reached skill level 6 in Evocations
 18155 | Orc:2    | Reached XP level 15. HP: 126/127 MP: 15/18
 18208 | Orc:2    | Found a runed translucent gate.
 18208 | Orc:2    | Found a runed translucent gate.
 18208 | Orc:2    | Found a runed translucent gate.
 18209 | Orc:2    | Found an iron altar of Okawaru.
 18209 | Orc:2    | Noticed 910rd's ghost (journeyman DrSh)
 18319 | Orc:2    | Noticed Donald
 18344 | Orc:2    | Your ally Saint Roka died
 18344 | Orc:2    | Your ally Erolcha died
 18347 | Orc:2    | Killed Donald
 18557 | Orc:2    | Found a staircase to the Elven Halls.
 18586 | Orc:2    | Found Xumage's Distillery.
 18586 | Orc:2    | Found Lanis's Assorted Antiques.
 18588 | Orc:2    | Found Huny's Jewellery Boutique.
 18590 | Orc:2    | Found Taluas's Jewellery Emporium.
 18594 | Orc:2    | Bought a potion of degeneration for 13 gold pieces
 18596 | Orc:2    | Bought a scroll labelled BOQ AMORAI for 28 gold pieces
 18596 | Orc:2    | Bought a scroll labelled BOQ AMORAI for 28 gold pieces
 18777 | Orc:2    | Found a roughly hewn altar of Beogh.
 18978 | D:11     | Reached skill level 7 in Evocations
 19004 | D:11     | Found a hazy altar of Hepliaklqana.
 19254 | D:11     | Reached skill level 1 in Spellcasting
 19771 | D:12     | Reached skill level 15 in Fighting
 20838 | D:13     | Found a gate to the Vaults.
 21028 | D:13     | Reached skill level 8 in Evocations
 21898 | D:3      | Bought a sapphire potion for 27 gold pieces
 21898 | D:3      | Bought a shiny helmet for 232 gold pieces
 21916 | D:3      | Identified a scroll of acquirement
 21916 | D:3      | Acquired a +0 vampiric demon blade
 22177 | D:3      | Noticed Ijyb
 22186 | D:3      | Killed Ijyb
 22704 | D:14     | Reached skill level 9 in Evocations
 22732 | D:14     | Identified the +9 short sword "Pitam Ymink" {pain, rPois
                  | rN+ rCorr Stlth-}
 23109 | D:14     | Reached skill level 1 in Shapeshifting
 23118 | D:14     | Reached skill level 10 in Evocations
 23411 | D:15     | Entered Level 15 of the Dungeon
 23610 | D:15     | Reached XP level 16. HP: 136/136 MP: 21/21
 23723 | D:15     | Found a staircase to the Depths.
 24205 | Snake:1  | Entered Level 1 of the Snake Pit
 24290 | Snake:1  | Reached skill level 5 in Shapeshifting
 24333 | Snake:1  | Identified the serpent talisman of the Enchanted Forest
                  | {Stlth+}
 24333 | Snake:1  | Noticed Aizul
 24348 | Snake:1  | Killed Aizul
 24593 | Snake:1  | Noticed a nagaraja
 24600 | Snake:1  | Killed a nagaraja
 25025 | Snake:2  | Noticed Vashnia
 25051 | Snake:2  | Killed Vashnia
 25061 | Snake:2  | Reached skill level 10 in Invocations
 25449 | Snake:2  | Reached XP level 17. HP: 140/142 MP: 3/24
 25962 | Snake:3  | Noticed Mara
 25970 | Snake:3  | Noticed ragingrage's illusion
 25978 | Snake:3  | Killed Mara
 26228 | Snake:3  | Found Tuiloat's Antique Weapon Emporium.
 26228 | Snake:3  | Noticed Asterion
 26241 | Snake:3  | Killed Asterion
 26298 | Snake:3  | Found Quos's Antique Armour Boutique.
 26557 | Snake:4  | Entered Level 4 of the Snake Pit
 26677 | Shoals:1 | Entered Level 1 of the Shoals
 26708 | Shoals:1 | Reached skill level 10 in Shapeshifting
 27060 | Shoals:1 | Noticed Kirke
 27074 | Shoals:1 | Killed Kirke
 27509 | Shoals:2 | Identified the +2 mace of the End of Times {spect, *Slow
                  | rPois rC+ Stlth+}
 28227 | Shoals:3 | Noticed a kraken
 28255 | Shoals:3 | Killed a kraken
 28256 | Shoals:3 | Reached XP level 18. HP: 149/149 MP: 25/25
 28337 | Shoals:4 | Entered Level 4 of the Shoals
 28571 | Shoals:4 | Got a barnacled rune of Zot
 28608 | Shoals:4 | Found Saosubla's Jewellery Boutique.
 28728 | Shoals:4 | Identified the +0 leather armour of Articulation {rF- rCorr
                  | SInv Stlth+}
 29037 | Shoals:4 | Identified the +3 flail "Nexkub" {venom, rPois rF+ rN+}
 29553 | Snake:4  | HP: 7/149 [nagaraja/splash of poison (7)]
 29553 | Snake:4  | HP: 2/149 [constriction (5)]
 30057 | Snake:4  | Reached skill level 15 in Shapeshifting
 30058 | Snake:4  | Identified the +2 war axe of Ash {antimagic, Will+ Dex+3
                  | SInv}
 30158 | Snake:4  | Reached XP level 19. HP: 155/155 MP: 26/26
 30535 | Snake:4  | Got a serpentine rune of Zot
 30717 | Snake:4  | Found Ryekhlile's Antique Weapon Emporium.
 30717 | Snake:4  | Found Luproac's Book Shop.
 31649 | Elf:1    | Entered Level 1 of the Elven Halls
 31988 | Elf:1    | Reached XP level 20. HP: 164/164 MP: 27/27
 32037 | Elf:1    | Noticed Frances
 32068 | Elf:1    | Killed Frances
 32590 | Elf:1    | Learned a level 2 spell: Blink
 32604 | Elf:1    | Found Hoigepso's Jewellery Shop.
 32642 | Elf:1    | Reached skill level 1 in Translocations
 33485 | Elf:1    | Found a runed translucent gate.
 33485 | Elf:1    | Found a runed translucent gate.
 33485 | Elf:1    | Found a runed translucent gate.
 33485 | Elf:1    | Found a runed translucent gate.
 33485 | Elf:1    | Found a runed translucent gate.
 33487 | Elf:1    | Found a runed translucent gate.
 33607 | Elf:2    | Paralysed by an air elemental for 1 turns
 33622 | Elf:2    | Found Yrouwk's Distillery.
 33818 | Elf:2    | Bought a potion of heal wounds for 75 gold pieces
 33818 | Elf:2    | Bought a potion of curing for 45 gold pieces
 33898 | Elf:2    | Reached XP level 21. HP: 171/171 MP: 29/29
 34110 | Elf:2    | Reached skill level 5 in Translocations
 34253 | Elf:2    | Found a runed translucent gate.
 34253 | Elf:2    | Found a runed translucent gate.
 34253 | Elf:2    | Found a runed translucent gate.
 34254 | Elf:2    | Noticed Famehell's ghost (journeyman OpSh)
 34254 | Elf:2    | Identified the staff of Fav Ipeg {rF+ Will+ rCorr MP+9
                  | Fire}
 34297 | Elf:2    | Found a runed translucent gate.
 34297 | Elf:2    | Found a runed translucent gate.
 34297 | Elf:2    | Found a runed translucent gate.
 35336 | Elf:3    | Entered Level 3 of the Elven Halls
 35516 | Elf:3    | Reached skill level 11 in Evocations
 36044 | Elf:3    | Paralysed by an air elemental for 1 turns
 36733 | Elf:3    | Identified the staff of Wicked Judgement {Dex+3 SInv Hexes
                  | Earth}
 37514 | Elf:3    | Reached skill level 12 in Evocations
 38097 | Elf:3    | Identified the +1 shortbow of the Traitor {freeze, rF+ rC+
                  | Str+3}
 38110 | Elf:3    | Reached skill level 15 in Dodging
 38493 | Elf:3    | Got Heyruyps's Compendium of Shocking Angles
 38500 | Elf:3    | Got the Quarto of Energy
 38539 | Elf:3    | Identified the +1 shortbow "Totziej" {elec, rC++ Will+
                  | Str-2 SInv}
 38541 | Elf:3    | Identified the staff of the Orcish Mines {rF+ Int+2 Fire}
 38549 | Elf:3    | Got Niyti's Elucidation of Shadows and Geology
 38569 | Elf:3    | Got the Tome of the Missiles and the Wind
 38726 | Elf:3    | Learned a level 1 spell: Apportation
 38731 | Elf:3    | Learned a level 4 spell: Vhi's Electric Charge
 39226 | Slime:1  | Entered Level 1 of the Pits of Slime
 39455 | Vaults:1 | Entered Level 1 of the Vaults
 39783 | Vaults:1 | Identified the ring "Wailircha" {rN+ Int+3}
 39880 | Vaults:1 | Reached skill level 13 in Evocations
 40038 | Vaults:1 | Reached XP level 22. HP: 178/178 MP: 31/31
 40610 | Vaults:1 | Reached skill level 5 in Air Magic
 40976 | Vaults:2 | Found a runed translucent gate.
 40976 | Vaults:2 | Found a runed translucent gate.
 40976 | Vaults:2 | Found a runed translucent gate.
 40976 | Vaults:2 | Noticed adelrune's ghost (adept DrEE)
 40995 | Vaults:2 | Reached skill level 14 in Evocations
 41625 | Vaults:2 | Found a staircase to the Crypt.
 41650 | Vaults:2 | Reached skill level 15 in Evocations
 41778 | Vaults:2 | Reached skill level 16 in Evocations
 42134 | Vaults:2 | Found a viscous altar of Jiyva.
 42175 | Vaults:2 | Killed adelrune's ghost
 42181 | Vaults:2 | Identified the +0 pair of gloves "Liahial" {rCorr}
 42496 | Lair:3   | Killed Dineis's ghost
 42749 | Vaults:3 | Found Itasmuc's Armour Shop.
 42837 | Vaults:3 | Found Laecytosh's Assorted Antiques.
 42934 | Vaults:3 | Reached XP level 23. HP: 184/184 MP: 32/32
 42951 | Vaults:3 | Bought a scroll of enchant weapon for 210 gold pieces
 42958 | Vaults:3 | Found Rafi Arph's Assorted Antiques.
 42966 | Vaults:3 | Bought a scroll of acquirement for 1092 gold pieces
 42966 | Vaults:3 | Acquired the +4 scale mail of the Lime {rC++}
 43316 | Vaults:3 | Identified the ring "Likkogg" {rElec rN+ EV+5 Int-2 Stlth+}
 43549 | Vaults:3 | Found Agraufuohu's Magic Scroll Shop.
 43557 | Vaults:3 | Bought a scroll of butterflies for 68 gold pieces
 43557 | Vaults:3 | Bought 2 scrolls of blinking for 255 gold pieces
 43557 | Vaults:3 | Bought a scroll of blinking for 127 gold pieces
 43569 | Vaults:3 | Found Sasip's Jewellery Shoppe.
 44232 | Vaults:4 | Noticed Bai Suzhen
 44247 | Vaults:4 | Killed Bai Suzhen
 45068 | Depths:1 | Entered Level 1 of the Depths
 45091 | Depths:1 | Found a one-way gate leading to the halls of Pandemonium.
 45225 | Depths:1 | Found a gateway to Hell.
 46076 | Depths:2 | Reached skill level 5 in Stealth
 46314 | Depths:2 | Identified the ring of the Suburbs {Ice Will- Str+4 Int+6}
 46314 | Depths:2 | Noticed Josephina
 46341 | Depths:2 | Killed Josephina
 46561 | Depths:2 | Reached XP level 24. HP: 117/191 MP: 22/32
 46583 | Depths:2 | Reached skill level 17 in Evocations
 46772 | Depths:2 | Found Big Baal Hell's Store.
 46884 | Depths:2 | Identified the +0 kite shield "Mujuizoi" {-Tele rF+ Dex+8}
 46904 | Depths:2 | Identified the +3 robe of Gluttony {Str+2}
 46904 | Depths:2 | Noticed Boris
 46914 | Depths:2 | Killed Boris
 47162 | Depths:2 | Found a one-way gateway to a ziggurat.
 47301 | Depths:3 | Reached skill level 10 in Translocations
 47357 | Depths:3 | Identified the +4 robe of Dogma {Rampage rC+ Dex+3}
 47357 | Depths:3 | Noticed Boris
 47370 | Depths:3 | Killed Boris
 47499 | Depths:3 | Found a hide-covered altar of Uskayaw.
 47725 | Depths:3 | Reached skill level 18 in Evocations
 47828 | Depths:3 | Learned a level 5 spell: Borgnjor's Vile Clutch
 47845 | Depths:3 | Learned a level 4 spell: Manifold Assault
 47911 | Depths:3 | Reached skill level 1 in Necromancy
 47915 | Depths:3 | Reached skill level 1 in Earth Magic
 48246 | Depths:3 | Found Jucooll's Demolitions Depot.
 48339 | Depths:3 | Found a one-way gate to the infinite horrors of the Abyss.
 48421 | Depths:4 | Entered Level 4 of the Depths
 48429 | Depths:4 | Identified the orb "Wosylur" {light, rN+}
 48429 | Depths:4 | Noticed Frederick
 48436 | Depths:4 | Killed Frederick
 48647 | Depths:4 | Found a transporter.
 48692 | Depths:4 | Found a transporter.
 48817 | Depths:4 | Found a gate to the Realm of Zot.
 48880 | Depths:4 | Your ally Frederick died
 49096 | Depths:4 | Found a transporter.
 49190 | Depths:4 | Found a white marble altar of Elyvilon.
 49482 | Depths:4 | Found a transporter.
 49979 | Vaults:5 | Entered Level 5 of the Vaults
 50039 | Vaults:5 | Paralysed by something for 4 turns
 50042 | Vaults:5 | Killed a dread lich
 50043 | Vaults:5 | Reached skill level 19 in Evocations
 50043 | Vaults:5 | Reached XP level 25. HP: 197/197 MP: 32/32
 50247 | Vaults:5 | Reached skill level 5 in Necromancy
 50263 | Vaults:5 | Noticed an ancient lich
 50271 | Vaults:5 | Killed an ancient lich
 50362 | Vaults:5 | Reached skill level 5 in Earth Magic
 50437 | Vaults:5 | Identified the +1 plate armour of the Depths {Dex+2}
 50454 | Vaults:5 | Noticed a dread lich
 50457 | Vaults:5 | Reached skill level 20 in Evocations
 50461 | Vaults:5 | Killed a dread lich
 50498 | Vaults:5 | Identified the ring "Okajes" {rF++ Will+ Slay+5}
 51007 | Vaults:5 | Reached skill level 10 in Necromancy
 51344 | Vaults:5 | Identified the +1 scale mail of Pride {Will+}
 51347 | Vaults:5 | Got a silver rune of Zot
 51428 | Vaults:5 | Identified the +10 orcbow "Gazaff" {elec, rF+ Stlth+}
 51588 | Vaults:5 | Noticed a dread lich
 51594 | Vaults:5 | Killed a dread lich
 51869 | Zot:1    | Entered Level 1 of the Realm of Zot
 52029 | Zot:1    | Reached XP level 26. HP: 206/206 MP: 32/32
 52608 | Zot:2    | Found a runed translucent gate.
 52608 | Zot:2    | Found a runed translucent gate.
 52608 | Zot:2    | Found a runed translucent gate.
 52613 | Zot:2    | Noticed Emoisch's ghost (adept MiFi)
 52749 | Zot:2    | Reached skill level 21 in Evocations
 54102 | Zot:2    | Identified the +4 double sword "Voga" {drain, Str+2 Int-4
                  | Dex+3}
 54573 | Zot:3    | Reached skill level 22 in Evocations
 55088 | Zot:5    | Entered Level 5 of the Realm of Zot
 55226 | Zot:4    | Reached skill level 15 in Long Blades
 55350 | Zot:4    | Reached XP level 27. HP: 217/217 MP: 1/32
 55413 | Zot:4    | Gained mutation: Your health recovers twice as slowly from
                  | being drained. [mutagenic glow]
 57876 | Zot:5    | Noticed an orb of fire
 57877 | Zot:5    | Gained mutation: You are dopey. (Int -2) [an orb of fire]
 57883 | Zot:5    | Killed an orb of fire
 58505 | Zot:5    | Noticed an orb of fire
 58510 | Zot:5    | Gained mutation: Your magical capacity is low. (-10% MP)
                  | [an orb of fire]
 58510 | Zot:5    | Gained mutation: Your magical capacity is very low. (-20%
                  | MP) [an orb of fire]
 58522 | Zot:5    | Killed an orb of fire
 58995 | Zot:5    | Noticed an orb of fire
 59010 | Zot:5    | Killed an orb of fire
 59097 | Zot:5    | Noticed an orb of fire
 59137 | Zot:5    | Gained mutation: Your magical capacity is extremely low.
                  | (-30% MP) [an orb of fire]
 59139 | Zot:5    | Killed an orb of fire
 59435 | Zot:5    | Noticed an ancient lich
 59438 | Zot:5    | Killed an ancient lich
 59802 | Zot:5    | Noticed a dread lich
 59816 | Zot:5    | Killed a dread lich
 59929 | Zot:5    | Noticed a dread lich
 59942 | Zot:5    | Killed a dread lich
 60123 | Zot:5    | Noticed an ancient lich
 60130 | Zot:5    | Killed an ancient lich
 60527 | Zot:5    | Noticed a dread lich
 60532 | Zot:5    | Killed a dread lich
 60594 | Zot:5    | Noticed an ancient lich
 60608 | Zot:5    | Killed an ancient lich
 61013 | Zot:5    | Got the Orb of Zot
 61154 | Zot:1    | Noticed Loxziapp the pandemonium lord
 61377 | D:10     | Identified the +2 robe "Tole" {rC- Int+6}
 61377 | D:10     | Noticed Boris
 61555 | D:4      | Noticed Bexuimm the pandemonium lord
 61588 | D:2      | Noticed a seraph
 61591 | D:2      | Killed Sigmund
 61626 | D:$      | Escaped with the Orb!

Illustrated notes

Levels and vault maps discovered:
D:1:      saegor_arrival_simple_e, layout_basic
D:2:      layout_loops_corners, minmay_lizard_king, uniq_terence, uniq_sigmund
D:3:      kennysheep_goblin_castle, layout_loops_ring, serial_shops, shop, shop,
          shop, nicolae_shop_just_a_little_nook, minmay_ogre_servants
D:4:      layout_rooms, yredelemnul_forgotten_temple_becter,
          mainiacjoe_overflow_catwalk_spiral, minmay_temple_entry_offerings,
          serial_curves, eino_curves_01, eino_curves_02, uniq_blork_the_orc,
          uniq_menkaure, uniq_edmund
D:5:      layout_basic, nicolae_ossuary_entry_monument, serial_bayou_lagoon_a,
          dk_rats_in_the_wall
D:6:      layout_cave_pools, uniq_crazy_yiuf_cottage, uniq_maggie
D:7:      layout_basic, zin_purify
D:8:      layout_basic, grunt_lair_entry_orc_guard_hut, minmay_bent
D:9:      layout_long_grid, lemuel_round_altar,
          nicolae_wu_jian_immortal_techniques, hangedman_ru_absence
D:10:     layout_gridville, chequers_temple_overflow_statue_of_worship,
          orc_0_dummy, serial_shops, shop, shop, nicolae_shop_hallway_plus,
          nicolae_shop_mannequins
D:11:     layout_gridville, nicolae_concentric_dashed_squares_mild,
          nicolae_hepliaklqana_hazy_memory
D:12:     layout_irregular_city
D:13:     layout_roguey [special_room_bee], skrybe_vaults_entry_preservation
D:14:     minmay_the_grid_triangle_9x9_recursive_2_mashed
          [minmay_the_grid_triangle_9x9_prize_schism,
          minmay_the_grid_triangle_9x9_pentomino_pain,
          minmay_the_grid_triangle_9x9_sprig,
          minmay_the_grid_triangle_9x9_alien], layout_rooms,
          hangedman_decor_growths
D:15:     hangedman_depths_entry_try_elsewhere_first, layout_cave_pools,
          corexii_leaking_fountain
Lair:1:   layout_cave_pods, gauntlet_entry_generic, uniq_amaemon
Lair:2:   layout_chaotic_city, elwin_shoals_entry_rooms,
          portal_ice_cave_entry_pillars_1, hellmonk_guarded_unrand_vines
Lair:3:   layout_cave_pods, nicolae_snake_entry_warm_welcome,
          gammafunk_ghost_split
Lair:4:   layout_roguey, grunt_megastairs_3
Lair:5:   hangedman_lair_caniforms_friends, layout_loops_ring, slime_entry_1,
          st_stairs_11, kennysheep_rathole, infiniplex_staircase_pool_2,
          serial_bayou_shore_b
Shoals:1: layout_shoals, uniq_kirke
Shoals:2: layout_shoals
Shoals:3: layout_shoals
Shoals:4: shoals_end_hangedman, layout_shoals, serial_shops,
          nicolae_shop_gaudy_bauble
Snake:1:  layout_rooms, serial_bayou_pond_a, uniq_aizul
Snake:2:  layout_gridlike, abandoned_shop, uniq_vashnia
Snake:3:  layout_basic, serial_shops, shop, st_stairs_4,
          minmay_shop_grid_forest, uniq_mara, uniq_asterion
Snake:4:  grunt_snake_rune_spirals, layout_onion_interference,
          nicolae_wooded_promenade, nicolae_snake_salamander_fort,
          serial_bayou_shore_b
Slime:1:  nicolae_slime_jelly_donut, layout_caves
Orc:1:    layout_caves
Orc:2:    st_orc_rangers, layout_caves, special_room,
          gammafunk_ghost_fury_of_okawaru, nicolae_orc_seminary,
          uniq_saint_roka, uniq_donald, uniq_erolcha
Elf:1:    eino_elf_arrival_shootout, layout_geoelf_grid, serial_shops, shop,
          guppyfry_library_mini, nicolae_elf_glass_and_crystal_pillar_1,
          orc_legates, uniq_frances
Elf:2:    elven_hall_of_blades_hangedman_original
          [nicolae_blade_entry_hurt_lockers], layout_onion_city, serial_shops,
          nicolae_shop_hallway_plus, gammafunk_ghost_tricky_traps
Elf:3:    minmay_elf_hall_furrowed, layout_onion_city
Vaults:1: nicolae_vaults_trapezoid_lopsided_2, nicolae_vaults_network_square,
          nicolae_vaults_shelves_hall, nicolae_vaults_big_angled_halls,
          nicolae_vaults_doubleplus_tesselated, vaults_room_glass_cross,
          nicolae_vaults_little_ls, hangedman_vaults_stream,
          nicolae_vaults_yaktaur_gun_rack, layout_vaults_quadrants
Vaults:2: gammafunk_ghost_ooze, nicolae_vaults_tetromino_T_2,
          nicolae_vaults_closet_pinwheel_1, lightli_orcish_oven, v_misc_8,
          nicolae_vaults_closet_pinwheel_3, ontoclasm_vaults_spin,
          minmay_crypt_entry_simple_box, vaults_room_large_hall,
          nicolae_vaults_tetromino_Z_2, ontoclasm_vaults_tryst,
          nicolae_vaults_network_periphery, ontoclasm_vaults_ring_small,
          ontoclasm_vaults_decontamination, nicolae_vaults_sesquioval_fish,
          layout_vaults_maze
Vaults:3: vaults_room_pool, vaults_dpeg_doors, v_misc_18,
          nicolae_vaults_what_the_h, hangedman_vaults_nails,
          nicolae_vaults_two_Ls, nicolae_vaults_closet_pinwheel_4,
          layout_vaults_big_room, serial_shops, nicolae_shop_advertising_works
          [nicolae_subvault_shop_adworks], nicolae_shop_stone, shop_statue,
          shop, shop
Vaults:4: v_misc_32, v_misc_27, nicolae_vaults_sightless_eye,
          ontoclasm_vaults_ring_square, nicolae_vaults_swerve, v_misc_9,
          grunt_vaults_hallway_short, nicolae_vaults_double_plus_1,
          vaults_mumra_hexcomb, nicolae_vaults_more_shelving_1,
          layout_vaults_ring, uniq_margery, uniq_bai_suzhen
Vaults:5
Depths:1: hellmonk_destroyed_diamonds, layout_honeycomb, rand_demon_pan_entry_1,
          grunt_metal_band, hellmonk_scarab_ruin
Depths:2: dreamdust_experimentation, layout_cave_pools, enter_ziggurat_b,
          nicolae_hell_entry_big_baal_hell, chequers_serial_rivers_small_3,
          grunt_pan_entry_zigzag, uniq_josephina, uniq_boris
Depths:3: minmay_tri_stars, layout_cave_pools, abyss_entry_crystal, pan_entry,
          hell_entry, hangedman_decor_clover_reticule, nicolae_blasting_shop,
          nicolae_uskayaw_suspiria
Depths:4: grunt_crosshair, layout_basic, abyss_entry, elyvilon_altar_3,
          hell_entry, nicolae_transporter_intersection, uniq_frederick
Zot:1:    layout_onion_interference
Zot:2:    bobbens_index_wilting_gardens, layout_gridlike, gammafunk_ghost_split,
          st_stairs_1, nicolae_rock_paper_scissors
Zot:3:    layout_misc_corridors
Zot:4:    layout_concentric_octagons, regret_index_zotdec_fiery_em,
          hangedman_zot_decor_scrapings, lemuel_elevator
Zot:5:    layout_misc_corridors

Skill      XL: |  1  2  3  4  5  6  7  8  9 10 11 12 13 14 15 16 17 18 19 20 21 22 23 24 25 26 27 |
---------------+----------------------------------------------------------------------------------+-----
Long Blades    | 3 4 5 6 7 9 11 13 14 15 16 | 16.0
Dodging        | 5 7 11 12 13 15 16 18 19 20 21 | 21.8
Invocations    | 4 5 7 10 11 12 13 | 13.0
Fighting       | 6 8 10 12 14 15 16 18 19 | 19.2
Alchemy        | 7 9 |  9.0
Conjurations   | 3 |  3.0
Air Magic      | 3 6 7 |  7.0
Evocations     | 6 10 13 16 19 20 22 | 22.0
Spellcasting   | 2 3 4 |  4.0
Shapeshifting  | 2 7 12 15 16 18 | 18.0
Translocations | 4 5 8 9 10 11 | 11.0
Stealth        | 5 |  5.0
Necromancy     | 4 10 11 | 11.0
Earth Magic    | 3 5 7 |  7.3

Action                     |  1- 3 |  4- 6 |  7- 9 | 10-12 | 13-15 | 16-18 | 19-21 | 22-24 | 25-27 || total
---------------------------+-------+-------+-------+-------+-------+-------+-------+-------+-------++-------
  Melee: Dagger            |    37 |   117 |    50 |       |       |       |       |       |       ||   204
         Falchion          |    41 |   227 |    78 |    41 |   503 |       |       |       |       ||   890
         Long sword        |       |       |   113 |   111 |       |       |       |       |       ||   224
         Scimitar          |       |       |    58 |   161 |   624 |   241 |       |       |       ||  1084
         Demon blade       |       |       |       |       |    76 |  1034 |  1069 |  1823 |  2039 ||  6041
  Throw: Dart              |       |    18 |     2 |       |       |       |       |       |       ||    20
         Throwing net      |       |       |     1 |       |     2 |       |       |       |       ||     3
   Cast: Manifold Assault  |       |       |       |       |       |       |       |    48 |   296 ||   344
         Vhi's Electric Ch |       |       |       |       |       |       |       |       |     6 ||     6
 Invoke: Light the Black T |       |     1 |     4 |     4 |    11 |     8 |     4 |     8 |     5 ||    45
         Recall Undead Har |       |       |     1 |     2 |     4 |     6 |       |     2 |       ||    15
         Hurl Torchlight   |       |       |       |     4 |    10 |     9 |     4 |     3 |     2 ||    32
         Bind Soul         |       |       |       |       |     2 |       |       |     1 |       ||     3
         Fathomless Shackl |       |       |       |       |       |     1 |       |       |       ||     1
Ability: Invent Gizmo      |       |       |       |       |     1 |       |       |       |       ||     1
  Evoke: Wand              |     1 |       |       |     4 |     1 |     1 |     4 |     1 |     6 ||    18
         Lightning rod     |       |       |       |       |    13 |     4 |     2 |       |     4 ||    23
         Box of beasts     |       |       |       |       |     1 |     1 |       |     1 |     2 ||     5
         Phial of floods   |       |       |       |       |       |     1 |     1 |     1 |       ||     3
         Phantom mirror    |       |       |       |       |       |       |       |     1 |       ||     1
    Use: Scroll            |     1 |       |     2 |     2 |    14 |     9 |     4 |    12 |    13 ||    57
         Potion            |     1 |     1 |     2 |       |       |     2 |     2 |       |    10 ||    18
   Stab: Sleeping          |     5 |     7 |     5 |     3 |    14 |    14 |     6 |    24 |     8 ||    86
         Distracted        |       |     2 |     2 |     2 |    10 |    28 |    14 |    29 |    26 ||   113
         Held in net/web   |       |       |       |       |     2 |       |       |       |       ||     2
         Petrified         |       |       |       |       |     9 |   134 |       |       |       ||   143
         Confused          |       |       |       |       |     1 |       |       |       |       ||     1
         Petrifying        |       |       |       |       |       |    30 |       |       |       ||    30
         Fleeing           |       |       |       |       |       |     1 |       |       |       ||     1
 Armour: Leather armour    |    30 |    87 |       |       |       |       |       |       |       ||   117
         Robe              |       |     8 |    49 |    13 |   402 |   322 |       |       |       ||   794
         Acid dragon scale |       |       |    52 |   101 |       |       |       |       |       ||   153
         Skin              |       |       |       |       |       |   104 |   666 |   658 |   578 ||  2006
  Dodge: Dodged            |    25 |    86 |   134 |   131 |   891 |   557 |   853 |  1328 |   967 ||  4972
   Form: Statue            |       |       |       |       |       |     2 |     1 |       |       ||     3
                           |       |       |       |       |       |     1 |     1 |       |       ||     2

Table legend: (Time is in decaauts)
 A = Elapsed time spent in this place.
 B = Non-inter-level travel time spent in this place.
 C = Inter-level travel time spent in this place.
 D = Time resting spent in this place.
 E = Time spent auto-exploring this place.
 F = Levels seen in this place.
 G = Mean time per level.
                   A        B        C        D        E       F      G
               +--------+--------+--------+--------+--------+-----+--------+
         Total |  76106 |  68502 |   7604 |  12043 |  42048 |  48 | 1585.5 |
       Dungeon |  17788 |  14900 |   2888 |   1112 |  10494 |  15 | 1185.9 |
          Lair |   7083 |   5661 |   1422 |    347 |   3963 |   5 | 1416.6 |
        Shoals |   3068 |   2644 |    424 |     48 |   1751 |   4 |  767.0 |
     Snake Pit |   5069 |   4698 |    371 |    565 |   2836 |   4 | 1267.2 |
    Slime Pits |      2 |      1 |      1 |      0 |      0 |   1 |    2.0 |
  Orcish Mines |   1825 |   1629 |    196 |    265 |    953 |   2 |  912.5 |
   Elven Halls |  10481 |  10167 |    314 |   4017 |   4194 |   3 | 3493.7 |
        Vaults |  10149 |   9230 |    919 |    118 |   7065 |   5 | 2029.8 |
        Depths |   7098 |   6535 |    563 |    907 |   4282 |   4 | 1774.5 |
           Zot |  13538 |  13036 |    502 |   4663 |   6507 |   5 | 2707.6 |
               +--------+--------+--------+--------+--------+-----+--------+

Top non-repeatable levels by time:
   Zot:5: 6378 daAuts
   Elf:3: 5061 daAuts
   Zot:2: 3021 daAuts
   Elf:1: 2872 daAuts
 Snake:4: 2586 daAuts
   Elf:2: 2547 daAuts
Vaults:1: 2542 daAuts
Vaults:5: 2393 daAuts
   Zot:4: 2373 daAuts
     D:5: 2363 daAuts
  Lair:2: 2241 daAuts
Depths:4: 2062 daAuts
Vaults:2: 1882 daAuts
Depths:2: 1754 daAuts
Vaults:4: 1708 daAuts
